Reign vs Little Stars
Created - February 17, 2023 at 23:12
Goals
|
| Reign |
1 |
4 |
1 |
6 |
| Little Stars |
0 |
2 |
0 |
2 |
|
Shots
|
| Reign |
8 |
12 |
11 |
31 |
| Little Stars |
8 |
21 |
2 |
31 |
|
1st period
1. Reign , Joel Eriksson Ek 7 (Josh Anderson 6, Christian Dvorak 21) at 14:40
Penalties :
No Penalty
2nd period
2. Reign , Darroll Powe 14 (Jason Robertson 11, Robert Thomas 14) at 1:44
3. Reign , Jason Robertson 8 (Robert Thomas 15, Ilya Samsonov) at 3:07 (PP)
4. Reign , Jakob Chychrun 2 (Jason Robertson 12, Ilya Samsonov) at 12:21 (PP)
5. Little Stars , Daniel O'regan 28 (Jordan LaVallee 25) at 14:00
6. Little Stars , Adam Tambellini 22 (Daniel O'regan 48, Ville Pokka 7) at 17:05
7. Reign , Mathew Barzal 13 (Thomas Chabot 31) at 19:32 (PP)
Penalties :
Ilya Mikheyev (Tex) for Hooking (Minor) at 1:51, Jordan LaVallee (Tex) for Holding (Minor) at 6:06, Matt Luff (Tex) for Tripping (Minor) at 11:15, Frederic Allard (Tex) for Holding (Minor) at 19:29
3rd period
8. Reign , Christian Dvorak 20 (J.T. Brown 15, Mathew Barzal 25) at 6:04
Penalties :
Jordan LaVallee (Tex) for Goalie Interference (Minor) at 6:24, Eric Knodel (Tex) for Holding (Minor) at 15:15, Nick Suzuki (Ont) for Roughing (Minor) at 15:38
Goalie Stats
Ilya Samsonov (Ont), 29 saves from 31 shots - (0.935), W, 17-12-3, 60:00 minutes
Connor Knapp (Tex), 12 saves from 14 shots - (0.857), 27:39 minutes
Danil Tarasov (Tex), 13 saves from 17 shots - (0.765), L, 0-1-0, 32:21 minutes
Players Stats for Reign
Player Name G A P +/- PIM S H SB GA TA FO MP PP MP PK MP
------------------------------------------------------------------------------------
Charlie McAvoy 0 0 0 0 0 0 2 0 0 0 0/0 18:37 3:10 0:00
Christian Dvorak 1 1 2 0 0 2 1 0 0 1 0/0 18:22 2:20 0:00
Darroll Powe 1 0 1 1 0 3 0 0 1 0 7/15 14:20 0:09 0:00
Dylan Blujus 0 0 0 0 0 0 0 1 0 1 0/0 15:50 0:00 0:00
Henri Jokiharju 0 0 0 0 0 0 0 0 0 0 0/0 5:53 0:00 0:14
J.T. Brown 0 1 1 0 0 4 0 1 0 0 1/2 17:46 0:07 0:07
Jakob Chychrun 1 0 1 0 0 3 0 0 0 0 0/0 20:09 3:10 0:00
Jason Robertson 1 2 3 1 0 5 2 0 0 1 0/1 17:11 4:19 0:13
Joel Eriksson Ek 1 0 1 1 0 3 1 0 0 0 1/2 11:17 2:20 0:03
Josh Anderson 0 1 1 1 0 1 1 0 1 1 0/0 9:38 0:00 0:03
Mathew Barzal 1 1 2 0 0 4 2 0 3 1 13/26 19:56 4:24 0:00
Michael Anderson 0 0 0 0 0 0 1 0 0 0 0/0 5:35 0:00 0:00
Morgan Rielly 0 0 0 0 0 1 1 1 1 0 0/0 15:13 0:00 0:09
Nick Suzuki 0 0 0 -1 2 0 0 1 0 0 6/12 18:00 3:35 0:00
Nicolas Hague 0 0 0 1 0 1 0 2 0 2 0/0 15:20 0:00 0:14
Robert Thomas 0 2 2 1 0 1 2 1 0 0 0/0 16:38 4:19 0:00
Roope Hintz 0 0 0 -1 0 2 3 0 1 0 0/0 17:04 2:20 0:20
Thomas Chabot 0 1 1 1 0 0 0 1 0 0 0/0 19:40 3:36 0:09
Tomas Jurco 0 0 0 -1 0 1 1 1 0 0 1/2 11:56 0:00 0:00
Trevor Moore 0 0 0 1 0 0 1 0 0 0 0/0 9:35 0:00 0:00
Players Stats for Little Stars
Player Name G A P +/- PIM S H SB GA TA FO MP PP MP PK MP
------------------------------------------------------------------------------------
Adam Tambellini 1 0 1 -1 0 5 2 1 0 1 0/0 16:17 0:00 2:26
Alex Belzile 0 0 0 -1 0 1 1 1 0 0 1/1 13:54 0:00 0:00
Anton Cederholm 0 0 0 -2 0 0 2 1 0 0 0/0 26:40 0:21 5:02
Daniel O'regan 1 1 2 1 0 3 1 2 0 0 14/34 22:38 0:00 3:46
Emile Poirier 0 0 0 0 0 0 0 0 0 0 0/0 8:52 0:00 1:19
Eric Knodel 0 0 0 -2 2 1 2 1 1 3 0/0 25:18 0:23 4:39
Frederic Allard 0 0 0 1 2 0 2 0 0 0 0/0 12:04 0:02 0:00
Henrik Borgstrom 0 0 0 -1 0 2 1 1 1 0 4/8 19:10 0:23 2:16
Ilya Mikheyev 0 0 0 1 2 3 1 0 0 0 0/1 18:05 0:00 0:00
Jason Dickinson 0 0 0 -1 0 3 0 0 2 1 4/7 11:44 0:00 1:58
Joakim Nygard 0 0 0 -1 0 3 0 0 0 0 0/0 12:48 0:21 0:00
Jordan LaVallee 0 1 1 1 4 4 3 0 2 0 3/3 23:37 0:23 1:47
Justin Auger 0 0 0 0 0 1 0 0 0 0 0/0 7:23 0:00 0:00
Matt Luff 0 0 0 -1 2 1 4 1 1 0 0/0 9:41 0:00 0:00
Reece Willcox 0 0 0 0 0 2 0 0 0 0 0/0 21:15 0:00 1:44
Roman Horak 0 0 0 0 0 0 0 0 0 1 5/6 7:23 0:00 0:00
Tucker Poolman 0 0 0 0 0 2 4 0 0 1 0/0 22:15 0:00 1:44
Ville Pokka 0 1 1 1 0 0 2 0 0 0 0/0 12:28 0:02 0:23
3 Stars
1 - Jason Robertson (Ont)
2 - Mathew Barzal (Ont)
3 - Christian Dvorak (Ont)
Power Play
Reign - 3 on 6 Attempt(s) - 50.00%
Little Stars - 0 on 1 Attempt(s) - 0.00%
Penalty Kill
Reign - 1 on 1 Attempt(s) - 100.00%
- Score 0 goal in Penalty Kill
Little Stars - 3 on 6 Attempt(s) - 50.00%
- Score 0 goal in Penalty Kill
Team Stat
Reign - Hits : 18 - Faceoff Wins : 29 - Blocked Shots : 9 - Penalty Minutes : 2
Little Stars - Hits : 25 - Faceoff Wins : 31 - Blocked Shots : 8 - Penalty Minutes : 12
Official
Referees : Jacob Brenk and Steve Kozari
Linesman : Devin Berg and Michel Cormier
Game Notes
Connor Knapp enters game at 12:21 of 2nd period
Finance
Level 1 -- Attendance: 1773 (88.65%) -- Ticket Income $62,055
Level 2 -- Attendance: 982 (98.20%) -- Ticket Income $14,730
Total Attendance: 2755 (91.83%)
Total Ticket Income: $76,785
Other Income: $3,839
Total Income: $80,624
Reign
5 vs 5 Forward
Center Left Wing Right Wing Time % Phy DF OF
1 Mathew Barzal Christian Dvorak J.T. Brown 30 1 2 2
2 Nick Suzuki Roope Hintz Tomas Jurco 25 1 2 2
3 Darroll Powe Jason Robertson Robert Thomas 25 1 2 2
4 Joel Eriksson Ek Trevor Moore Josh Anderson 20 1 2 2
5 vs 5 Defense
Defense Defense Time % Phy DF OF
1 Nicolas Hague Thomas Chabot 30 0 3 2
2 Charlie McAvoy Morgan Rielly 30 1 3 1
3 Jakob Chychrun Dylan Blujus 30 0 3 2
4 Henri Jokiharju Michael Anderson 10 1 3 1
PowerPlay Forward
Center Left Wing Right Wing Time % Phy DF OF
1 Mathew Barzal Jason Robertson Robert Thomas 60 1 2 2
2 Joel Eriksson Ek Roope Hintz Christian Dvorak 40 1 2 2
PowerPlay Defense
Defense Defense Time % Phy DF OF
1 Nick Suzuki Thomas Chabot 60 1 2 2
2 Charlie McAvoy Jakob Chychrun 40 1 2 2
Penalty Kill 4 Players Forward
Center Wing Time % Phy DF OF
1 Darroll Powe Christian Dvorak 60 1 2 2
2 Joel Eriksson Ek Josh Anderson 40 1 2 2
Penalty Kill 4 Players Defense
Defense Defense Time % Phy DF OF
1 Nicolas Hague Henri Jokiharju 60 1 2 2
2 Dylan Blujus Thomas Chabot 40 1 2 2
Penalty Kill - 3 Players Forward
Forward Time % Phy DF OF
1 Joel Eriksson Ek 60 1 2 2
2 Darroll Powe 40 1 2 2
Penalty Kill - 3 Players Defense
Defense Defense Time % Phy DF OF
1 Nicolas Hague Henri Jokiharju 60 1 2 2
2 Dylan Blujus Thomas Chabot 40 1 2 2
4 vs 4 Forward
Center Wing Time % Phy DF OF
1 Darroll Powe Christian Dvorak 60 1 2 2
2 Mathew Barzal J.T. Brown 40 1 2 2
4 vs 4 Defense
Defense Defense Time % Phy DF OF
1 Morgan Rielly Thomas Chabot 60 1 2 2
2 Charlie McAvoy Jakob Chychrun 40 1 2 2
Last Minutes Offensive
Center Left Wing Right Wing Defense Defense
Nick Suzuki Roope Hintz Robert Thomas Morgan Rielly Thomas Chabot
Last Minutes Defensive
Center Left Wing Right Wing Defense Defense
Joel Eriksson Ek Christian Dvorak Josh Anderson Morgan Rielly Thomas Chabot
Goaltenders
Starting : Ilya Samsonov
Backup : Cayden Primeau
Extra Forwards
Normal : Mathew Barzal, Jason Robertson, Roope Hintz - PP : Joel Eriksson Ek, Darroll Powe - PK : J.T. Brown
Extra Defensemen
Normal : Charlie McAvoy, Nicolas Hague, Henri Jokiharju - PP : Charlie McAvoy - PK : Morgan Rielly, Charlie McAvoy
Penalty Shots
Nick Suzuki, Tomas Jurco, Roope Hintz, Christian Dvorak, Trevor Moore
Scratches
Caleb Jones (Healthy), Lane Pederson (Healthy), Vladimir Tkachev (Healthy), Tom Kuhnhackl (Healthy), Cal Petersen (Healthy)
Little Stars
5 vs 5 Forward
Center Left Wing Right Wing Time % Phy DF OF
1 Daniel O'regan Jordan LaVallee Ilya Mikheyev 40 1 2 2
2 Henrik Borgstrom Adam Tambellini Alex Belzile 30 1 2 2
3 Jason Dickinson Joakim Nygard Matt Luff 20 1 2 2
4 Roman Horak Emile Poirier Justin Auger 10 1 2 2
5 vs 5 Defense
Defense Defense Time % Phy DF OF
1 Anton Cederholm Eric Knodel 40 1 2 2
2 Reece Willcox Tucker Poolman 30 1 2 2
3 Ville Pokka Frederic Allard 20 1 2 2
4 Anton Cederholm Eric Knodel 10 1 2 2
PowerPlay Forward
Center Left Wing Right Wing Time % Phy DF OF
1 Daniel O'regan Jordan LaVallee Ilya Mikheyev 60 1 2 2
2 Henrik Borgstrom Adam Tambellini Alex Belzile 40 1 2 2
PowerPlay Defense
Defense Defense Time % Phy DF OF
1 Anton Cederholm Eric Knodel 60 1 2 2
2 Reece Willcox Tucker Poolman 40 1 2 2
Penalty Kill 4 Players Forward
Center Wing Time % Phy DF OF
1 Daniel O'regan Jordan LaVallee 60 1 2 2
2 Henrik Borgstrom Adam Tambellini 40 1 2 2
Penalty Kill 4 Players Defense
Defense Defense Time % Phy DF OF
1 Anton Cederholm Eric Knodel 60 1 2 2
2 Reece Willcox Tucker Poolman 40 1 2 2
Penalty Kill - 3 Players Forward
Forward Time % Phy DF OF
1 Daniel O'regan 60 1 2 2
2 Henrik Borgstrom 40 1 2 2
Penalty Kill - 3 Players Defense
Defense Defense Time % Phy DF OF
1 Anton Cederholm Eric Knodel 60 1 2 2
2 Reece Willcox Tucker Poolman 40 1 2 2
4 vs 4 Forward
Center Wing Time % Phy DF OF
1 Daniel O'regan Jordan LaVallee 60 1 2 2
2 Henrik Borgstrom Adam Tambellini 40 1 2 2
4 vs 4 Defense
Defense Defense Time % Phy DF OF
1 Anton Cederholm Eric Knodel 60 1 2 2
2 Reece Willcox Tucker Poolman 40 1 2 2
Last Minutes Offensive
Center Left Wing Right Wing Defense Defense
Daniel O'regan Jordan LaVallee Ilya Mikheyev Anton Cederholm Eric Knodel
Last Minutes Defensive
Center Left Wing Right Wing Defense Defense
Daniel O'regan Jordan LaVallee Ilya Mikheyev Anton Cederholm Eric Knodel
Goaltenders
Starting : Danil Tarasov
Backup : Connor Knapp
Extra Forwards
Normal : Henrik Borgstrom, Joakim Nygard, Alex Belzile - PP : Henrik Borgstrom, Joakim Nygard - PK : Henrik Borgstrom
Extra Defensemen
Normal : Tucker Poolman, Ville Pokka, Frederic Allard - PP : Tucker Poolman - PK : Tucker Poolman, Ville Pokka
Penalty Shots
Ilya Mikheyev, Jordan LaVallee, Adam Tambellini, Daniel O'regan, Henrik Borgstrom
Scratches
Filip Chytil (Healthy), Jean-Christophe Beaudin (Healthy), Lawrence Pilut (Healthy), Michael Mersch (Healthy), Connor Mackey (Healthy)
Radel Fazleev (Healthy), Rudolfs Balcers (Healthy), Shane Gersich (Healthy), Yakov Trenin (Healthy), Joey Anderson (Healthy)
Jonathan Dahlen (Healthy), Givani Smith (Healthy), Michael Houser (Healthy)
% Time on Ice - Reign
Lines # - Real PCT - Wanted PCT - Time Play
Normal Forward
1 - 34% - 30% - 17:26
2 - 23% - 25% - 11:58
3 - 24% - 25% - 12:16
4 - 19% - 20% - 9:35
Normal Defense
1 - 30% - 30% - 15:13
2 - 29% - 30% - 14:37
3 - 31% - 30% - 15:50
4 - 11% - 10% - 5:35
PP Forward
1 - 66% - 60% - 4:26
2 - 34% - 40% - 2:20
PP Defense
1 - 53% - 60% - 3:36
2 - 47% - 40% - 3:10
PK Forward
1 - 87% - 60% - 0:20
2 - 13% - 40% - 0:03
PK Defense
1 - 100% - 60% - 0:23
2 - 0% - 40% - 0:00
PK3 Forward
1 - 0% - 60%
2 - 0% - 40%
PK3 Defense
1 - 0% - 60%
2 - 0% - 40%
44 Forward
1 - 91% - 60% - 1:27
2 - 9% - 40% - 0:09
44 Defense
1 - 48% - 60% - 0:46
2 - 52% - 40% - 0:50
Last Minute Offensive - 0:00
Last Minute Defensive - 0:00
Total
Forward - 60:00
Defense - 60:00
|
% Time on Ice - Little Stars
Lines # - Real PCT - Wanted PCT - Time Play
Normal Forward
1 - 40% - 40% - 20:38
2 - 26% - 30% - 13:32
3 - 19% - 20% - 9:42
4 - 14% - 10% - 7:23
Normal Defense
1 - 36% - 40% - 18:33
2 - 38% - 30% - 19:31
3 - 22% - 20% - 11:27
4 - 3% - 10% - 1:44
PP Forward
1 - 100% - 60% - 0:23
2 - 0% - 40% - 0:00
PP Defense
1 - 100% - 60% - 0:23
2 - 0% - 40% - 0:00
PK Forward
1 - 91% - 60% - 6:09
2 - 9% - 40% - 0:37
PK Defense
1 - 74% - 60% - 5:02
2 - 26% - 40% - 1:44
PK3 Forward
1 - 0% - 60%
2 - 0% - 40%
PK3 Defense
1 - 0% - 60%
2 - 0% - 40%
44 Forward
1 - 100% - 60% - 1:36
2 - 0% - 40% - 0:00
44 Defense
1 - 100% - 60% - 1:36
2 - 0% - 40% - 0:00
Last Minute Offensive - 0:00
Last Minute Defensive - 0:00
Total
Forward - 60:00
Defense - 60:00
|
Play-by-Play
1st period
0:01 of 1st period - Mathew Barzal wins face-off versus Daniel O'regan in neutral zone.
0:40 of 1st period - Snap shot by Roope Hintz.
0:40 of 1st period - Deflect By Eric Knodel.
0:40 of 1st period - Shot Misses the Net.
0:40 of 1st period - Puck is out of play.
0:41 of 1st period - Darroll Powe wins face-off versus Jason Dickinson in Little Stars zone.
0:42 of 1st period - Wrist shot by Jason Robertson.
0:42 of 1st period - Stopped by Danil Tarasov with a rebound.
1:06 of 1st period - Reece Willcox is hit by Joel Eriksson Ek and loses puck.
1:15 of 1st period - Wrist shot by Morgan Rielly.
1:15 of 1st period - Deflect By Josh Anderson.
1:15 of 1st period - Stopped by Danil Tarasov without a rebound.
1:16 of 1st period - Henrik Borgstrom wins face-off versus Joel Eriksson Ek in Little Stars zone.
1:16 of 1st period - Henrik Borgstrom is hit by Trevor Moore.
1:32 of 1st period - Snap shot by Alex Belzile.
1:32 of 1st period - Stopped by Ilya Samsonov without a rebound.
1:33 of 1st period - Nick Suzuki wins face-off versus Daniel O'regan in Reign zone.
1:33 of 1st period - Nick Suzuki is hit by Anton Cederholm.
1:46 of 1st period - Wrist shot by Roope Hintz.
1:46 of 1st period - Stopped by Danil Tarasov with a rebound.
2:00 of 1st period - Dylan Blujus is hit by Matt Luff and loses puck.
2:25 of 1st period - Slapshot by Jason Dickinson.
2:25 of 1st period - Shot Misses the Net.
2:27 of 1st period - Slapshot by Anton Cederholm.
2:27 of 1st period - Shot Misses the Net.
2:29 of 1st period - Wrist shot by Eric Knodel.
2:29 of 1st period - Stopped by Ilya Samsonov without a rebound.
2:30 of 1st period - J.T. Brown wins face-off versus Daniel O'regan in Reign zone.
2:35 of 1st period - Wrist shot by Christian Dvorak.
2:35 of 1st period - Stopped by Danil Tarasov with a rebound.
2:47 of 1st period - Wrist shot by Ilya Mikheyev.
2:47 of 1st period - Shot Misses the Net.
3:06 of 1st period - Wrist shot by Adam Tambellini.
3:06 of 1st period - Shot Misses the Net.
4:54 of 1st period - J.T. Brown is hit by Adam Tambellini and loses puck.
5:55 of 1st period - Justin Auger is hit by Morgan Rielly and loses puck.
6:20 of 1st period - Henri Jokiharju is hit by Tucker Poolman and loses puck.
7:11 of 1st period - Jason Robertson is hit by Matt Luff and loses puck.
8:11 of 1st period - Joakim Nygard is hit by Roope Hintz and loses puck.
8:44 of 1st period - Christian Dvorak is hit by Tucker Poolman and loses puck.
9:31 of 1st period - Icing by Eric Knodel.
9:32 of 1st period - Jason Dickinson wins face-off versus Mathew Barzal in Little Stars zone.
9:32 of 1st period - Jason Dickinson is hit by Mathew Barzal.
9:38 of 1st period - Dylan Blujus is hit by Eric Knodel and loses puck.
9:45 of 1st period - Snap shot by Mathew Barzal.
9:45 of 1st period - Stopped by Danil Tarasov without a rebound.
9:46 of 1st period - Daniel O'regan wins face-off versus Darroll Powe in Little Stars zone.
10:13 of 1st period - Dylan Blujus is hit by Frederic Allard and loses puck.
10:24 of 1st period - Snap shot by Matt Luff.
10:24 of 1st period - Shot Misses the Net.
10:35 of 1st period - Off-side.
10:36 of 1st period - Alex Belzile wins face-off versus Nick Suzuki in neutral zone.
11:23 of 1st period - Snap shot by Emile Poirier.
11:23 of 1st period - Shot Misses the Net.
11:25 of 1st period - Wrist shot by Tucker Poolman.
11:25 of 1st period - Stopped by Ilya Samsonov without a rebound.
11:26 of 1st period - Roman Horak wins face-off versus Darroll Powe in Reign zone.
11:29 of 1st period - Snap shot by Emile Poirier.
11:29 of 1st period - Shot Blocked by Morgan Rielly.
12:22 of 1st period - Wrist shot by J.T. Brown.
12:22 of 1st period - Shot Blocked by Henrik Borgstrom.
12:24 of 1st period - Slapshot by Christian Dvorak.
12:24 of 1st period - Shot Misses the Net.
12:26 of 1st period - Slapshot by Morgan Rielly.
12:26 of 1st period - Stopped by Danil Tarasov with a rebound.
12:35 of 1st period - Off-side.
12:36 of 1st period - Nick Suzuki wins face-off versus Jason Dickinson in neutral zone.
12:47 of 1st period - Snap shot by Matt Luff.
12:47 of 1st period - Stopped by Ilya Samsonov with a rebound.
12:49 of 1st period - Slapshot by Reece Willcox.
12:49 of 1st period - Shot Misses the Net.
13:01 of 1st period - Dylan Blujus is hit by Daniel O'regan and loses puck.
13:08 of 1st period - Wrist shot by Daniel O'regan.
13:08 of 1st period - Shot Misses the Net.
13:10 of 1st period - Snap shot by Jordan LaVallee.
13:10 of 1st period - Shot Misses the Net.
13:28 of 1st period - Mathew Barzal is hit by Ville Pokka and loses puck.
13:35 of 1st period - Adam Tambellini is hit by Christian Dvorak and loses puck.
13:46 of 1st period - Snap shot by Henrik Borgstrom.
13:46 of 1st period - Stopped by Ilya Samsonov with a rebound.
13:51 of 1st period - Off-side.
13:52 of 1st period - Tomas Jurco wins face-off versus Roman Horak in neutral zone.
14:40 of 1st period - Wrist shot by Joel Eriksson Ek.
14:40 of 1st period - Goal by Joel Eriksson Ek - Reign : 1 - Little Stars : 0.
14:41 of 1st period - Darroll Powe wins face-off versus Daniel O'regan in neutral zone.
15:17 of 1st period - Slapshot by Jakob Chychrun.
15:17 of 1st period - Shot Misses the Net.
15:27 of 1st period - Wrist shot by Jason Dickinson.
15:27 of 1st period - Shot Misses the Net.
15:33 of 1st period - Joakim Nygard is hit by Roope Hintz and loses puck.
15:45 of 1st period - Off-side.
15:46 of 1st period - Roman Horak wins face-off versus Mathew Barzal in neutral zone.
15:51 of 1st period - Icing by Nicolas Hague.
15:52 of 1st period - Roman Horak wins face-off versus Mathew Barzal in Reign zone.
15:57 of 1st period - Snap shot by Justin Auger.
15:57 of 1st period - Stopped by Ilya Samsonov without a rebound.
15:58 of 1st period - Darroll Powe wins face-off versus Daniel O'regan in Reign zone.
16:25 of 1st period - Henrik Borgstrom is hit by Roope Hintz and loses puck.
16:36 of 1st period - Snap shot by Tomas Jurco.
16:36 of 1st period - Stopped by Danil Tarasov without a rebound.
16:37 of 1st period - Joel Eriksson Ek wins face-off versus Daniel O'regan in Little Stars zone.
17:02 of 1st period - Christian Dvorak is hit by Eric Knodel and loses puck.
17:23 of 1st period - Snap shot by Jason Dickinson.
17:23 of 1st period - Stopped by Ilya Samsonov without a rebound.
17:24 of 1st period - Jason Dickinson wins face-off versus Nick Suzuki in Reign zone.
18:20 of 1st period - Slapshot by Jason Dickinson.
18:20 of 1st period - Stopped by Ilya Samsonov without a rebound.
18:21 of 1st period - Darroll Powe wins face-off versus Daniel O'regan in Reign zone.
Goals for this period are 1 for Reign vs 0 for Little Stars.
Shots for this period are 8 for Reign vs 8 for Little Stars.
2nd period
0:01 of 2nd period - Daniel O'regan wins face-off versus Mathew Barzal in neutral zone.
0:06 of 2nd period - Mathew Barzal is hit by Jordan LaVallee and loses puck.
0:26 of 2nd period - Icing by Mathew Barzal.
0:27 of 2nd period - Mathew Barzal wins face-off versus Henrik Borgstrom in Reign zone.
0:32 of 2nd period - Adam Tambellini is hit by Robert Thomas and loses puck.
1:06 of 2nd period - Snap shot by Ilya Mikheyev.
1:06 of 2nd period - Stopped by Ilya Samsonov with a rebound.
1:08 of 2nd period - Slapshot by Reece Willcox.
1:08 of 2nd period - Stopped by Ilya Samsonov without a rebound.
1:09 of 2nd period - Mathew Barzal wins face-off versus Daniel O'regan in Reign zone.
1:40 of 2nd period - Wrist shot by Darroll Powe.
1:40 of 2nd period - Stopped by Danil Tarasov with a rebound.
1:42 of 2nd period - Snap shot by Darroll Powe.
1:42 of 2nd period - Stopped by Danil Tarasov with a rebound.
1:44 of 2nd period - Wrist shot by Jason Robertson.
1:44 of 2nd period - Deflect By Darroll Powe.
1:44 of 2nd period - Goal by Darroll Powe - Reign : 2 - Little Stars : 0.
1:45 of 2nd period - Nick Suzuki wins face-off versus Daniel O'regan in neutral zone.
1:51 of 2nd period - Minor Penalty to Ilya Mikheyev for Hooking.
1:52 of 2nd period - Daniel O'regan wins face-off versus Mathew Barzal in Little Stars zone.
2:05 of 2nd period - Off-side.
2:06 of 2nd period - Mathew Barzal wins face-off versus Daniel O'regan in neutral zone.
2:09 of 2nd period - Wrist shot by Thomas Chabot.
2:09 of 2nd period - Shot Misses the Net.
2:19 of 2nd period - Slapshot by Thomas Chabot.
2:19 of 2nd period - Shot Blocked by Daniel O'regan.
2:21 of 2nd period - Slapshot by Mathew Barzal.
2:21 of 2nd period - Shot Misses the Net.
3:07 of 2nd period - Snap shot by Jason Robertson.
3:07 of 2nd period - Goal by Jason Robertson - Reign : 3 - Little Stars : 0.
3:08 of 2nd period - Mathew Barzal wins face-off versus Henrik Borgstrom in neutral zone.
3:11 of 2nd period - Backhand shot by Christian Dvorak.
3:11 of 2nd period - Shot Blocked by Adam Tambellini.
3:20 of 2nd period - Icing by Mathew Barzal.
3:21 of 2nd period - Daniel O'regan wins face-off versus Mathew Barzal in Reign zone.
4:08 of 2nd period - Reece Willcox is hit by Josh Anderson.
4:59 of 2nd period - Snap shot by Jason Robertson.
4:59 of 2nd period - Stopped by Danil Tarasov with a rebound.
5:01 of 2nd period - Snap shot by Nicolas Hague.
5:01 of 2nd period - Stopped by Danil Tarasov with a rebound.
5:03 of 2nd period - Snap shot by J.T. Brown.
5:03 of 2nd period - Shot Blocked by Daniel O'regan.
5:05 of 2nd period - Wrist shot by J.T. Brown.
5:05 of 2nd period - Stopped by Danil Tarasov with a rebound.
5:41 of 2nd period - Wrist shot by Joakim Nygard.
5:41 of 2nd period - Shot Misses the Net.
5:47 of 2nd period - Snap shot by Matt Luff.
5:47 of 2nd period - Shot Misses the Net.
5:49 of 2nd period - Slapshot by Frederic Allard.
5:49 of 2nd period - Deflect By Jason Dickinson.
5:49 of 2nd period - Stopped by Ilya Samsonov without a rebound.
5:50 of 2nd period - Daniel O'regan wins face-off versus Darroll Powe in Reign zone.
5:57 of 2nd period - Wrist shot by Daniel O'regan.
5:57 of 2nd period - Stopped by Ilya Samsonov with a rebound.
6:06 of 2nd period - Minor Penalty to Jordan LaVallee for Holding.
6:07 of 2nd period - Mathew Barzal wins face-off versus Daniel O'regan in Little Stars zone.
6:17 of 2nd period - Snap shot by Mathew Barzal.
6:17 of 2nd period - Shot Misses the Net.
8:06 of 2nd period - Penalty to Jordan LaVallee is over, Jordan LaVallee is back on ice.
8:11 of 2nd period - Icing by Josh Anderson.
8:12 of 2nd period - Roman Horak wins face-off versus Darroll Powe in Reign zone.
8:23 of 2nd period - Emile Poirier is hit by Charlie McAvoy and loses puck.
8:38 of 2nd period - Roope Hintz is hit by Jordan LaVallee and loses puck.
8:57 of 2nd period - Snap shot by Henrik Borgstrom.
8:57 of 2nd period - Shot Misses the Net.
9:03 of 2nd period - Christian Dvorak is hit by Tucker Poolman and loses puck.
9:41 of 2nd period - Backhand shot by Alex Belzile.
9:41 of 2nd period - Shot Misses the Net.
9:43 of 2nd period - Backhand shot by Henrik Borgstrom.
9:43 of 2nd period - Shot Blocked by Nicolas Hague.
9:45 of 2nd period - Slapshot by Tucker Poolman.
9:45 of 2nd period - Deflect By Adam Tambellini.
9:45 of 2nd period - Stopped by Ilya Samsonov with a rebound.
9:47 of 2nd period - Snap shot by Adam Tambellini.
9:47 of 2nd period - Shot Misses the Net.
9:49 of 2nd period - Wrist shot by Henrik Borgstrom.
9:49 of 2nd period - Shot Misses the Net.
9:51 of 2nd period - Slapshot by Tucker Poolman.
9:51 of 2nd period - Deflect By Adam Tambellini.
9:51 of 2nd period - Stopped by Ilya Samsonov with a rebound.
9:53 of 2nd period - Slapshot by Reece Willcox.
9:53 of 2nd period - Shot Hit the Post.
9:57 of 2nd period - Snap shot by Henrik Borgstrom.
9:57 of 2nd period - Shot Blocked by Thomas Chabot.
9:59 of 2nd period - Wrist shot by Alex Belzile.
9:59 of 2nd period - Shot Blocked by Nicolas Hague.
10:01 of 2nd period - Slapshot by Tucker Poolman.
10:01 of 2nd period - Shot Misses the Net.
10:03 of 2nd period - Snap shot by Adam Tambellini.
10:03 of 2nd period - Stopped by Ilya Samsonov with a rebound.
10:24 of 2nd period - Trevor Moore is hit by Adam Tambellini and loses puck.
10:35 of 2nd period - Wrist shot by Adam Tambellini.
10:35 of 2nd period - Stopped by Ilya Samsonov with a rebound.
10:37 of 2nd period - Slapshot by Reece Willcox.
10:37 of 2nd period - Deflect By Alex Belzile.
10:37 of 2nd period - Shot Misses the Net.
10:37 of 2nd period - Puck is out of play.
10:38 of 2nd period - Daniel O'regan wins face-off versus Mathew Barzal in Reign zone.
10:49 of 2nd period - Slapshot by Daniel O'regan.
10:49 of 2nd period - Stopped by Ilya Samsonov with a rebound.
11:15 of 2nd period - Minor Penalty to Matt Luff for Tripping.
11:16 of 2nd period - Daniel O'regan wins face-off versus Mathew Barzal in Little Stars zone.
11:42 of 2nd period - Jordan LaVallee is hit by Robert Thomas and loses puck.
11:59 of 2nd period - Snap shot by Jakob Chychrun.
11:59 of 2nd period - Stopped by Danil Tarasov with a rebound.
12:21 of 2nd period - Wrist shot by Jakob Chychrun.
12:21 of 2nd period - Goal by Jakob Chychrun - Reign : 4 - Little Stars : 0.
12:21 of 2nd period - Connor Knapp enters game.
12:22 of 2nd period - Daniel O'regan wins face-off versus Nick Suzuki in neutral zone.
12:51 of 2nd period - Henrik Borgstrom is hit by Charlie McAvoy and loses puck.
13:10 of 2nd period - Snap shot by Mathew Barzal.
13:10 of 2nd period - Shot Misses the Net.
13:12 of 2nd period - Slapshot by Jakob Chychrun.
13:12 of 2nd period - Shot Blocked by Matt Luff.
13:14 of 2nd period - Wrist shot by J.T. Brown.
13:14 of 2nd period - Stopped by Connor Knapp without a rebound.
13:15 of 2nd period - Daniel O'regan wins face-off versus Darroll Powe in Little Stars zone.
13:26 of 2nd period - Snap shot by Jordan LaVallee.
13:26 of 2nd period - Stopped by Ilya Samsonov with a rebound.
13:28 of 2nd period - Wrist shot by Jordan LaVallee.
13:28 of 2nd period - Shot Misses the Net.
13:30 of 2nd period - Wrist shot by Ilya Mikheyev.
13:30 of 2nd period - Shot Misses the Net.
13:44 of 2nd period - Slapshot by Mathew Barzal.
13:44 of 2nd period - Deflect By J.T. Brown.
13:44 of 2nd period - Shot Misses the Net.
13:44 of 2nd period - Puck is out of play.
13:45 of 2nd period - Henrik Borgstrom wins face-off versus Mathew Barzal in Little Stars zone.
13:52 of 2nd period - Snap shot by Henrik Borgstrom.
13:52 of 2nd period - Shot Blocked by J.T. Brown.
13:54 of 2nd period - Slapshot by Henrik Borgstrom.
13:54 of 2nd period - Stopped by Ilya Samsonov without a rebound.
13:55 of 2nd period - Jordan LaVallee wins face-off versus Mathew Barzal in Reign zone.
13:58 of 2nd period - Snap shot by Jordan LaVallee.
13:58 of 2nd period - Stopped by Ilya Samsonov with a rebound.
14:00 of 2nd period - Wrist shot by Daniel O'regan.
14:00 of 2nd period - Goal by Daniel O'regan - Reign : 4 - Little Stars : 1.
14:01 of 2nd period - Mathew Barzal wins face-off versus Daniel O'regan in neutral zone.
14:53 of 2nd period - Charlie McAvoy is hit by Matt Luff and loses puck.
14:58 of 2nd period - Snap shot by Matt Luff.
14:58 of 2nd period - Deflect By Joakim Nygard.
14:58 of 2nd period - Stopped by Ilya Samsonov with a rebound.
15:00 of 2nd period - Slapshot by Frederic Allard.
15:00 of 2nd period - Deflect By Joakim Nygard.
15:00 of 2nd period - Deflect By Nick Suzuki.
15:00 of 2nd period - Stopped by Ilya Samsonov without a rebound.
15:01 of 2nd period - Mathew Barzal wins face-off versus Daniel O'regan in Reign zone.
15:33 of 2nd period - Wrist shot by Robert Thomas.
15:33 of 2nd period - Deflect By Jason Robertson.
15:33 of 2nd period - Shot Misses the Net.
15:33 of 2nd period - Puck is out of play.
15:34 of 2nd period - Jason Dickinson wins face-off versus Nick Suzuki in Little Stars zone.
15:49 of 2nd period - Slapshot by Nick Suzuki.
15:49 of 2nd period - Shot Misses the Net.
16:04 of 2nd period - Slapshot by Thomas Chabot.
16:04 of 2nd period - Shot Blocked by Alex Belzile.
16:37 of 2nd period - Trevor Moore is hit by Ilya Mikheyev and loses puck.
16:46 of 2nd period - Morgan Rielly is hit by Jordan LaVallee and loses puck.
17:05 of 2nd period - Slapshot by Adam Tambellini.
17:05 of 2nd period - Goal by Adam Tambellini - Reign : 4 - Little Stars : 2.
17:06 of 2nd period - Daniel O'regan wins face-off versus Nick Suzuki in neutral zone.
17:11 of 2nd period - Snap shot by Jordan LaVallee.
17:11 of 2nd period - Shot Misses the Net.
17:13 of 2nd period - Snap shot by Ilya Mikheyev.
17:13 of 2nd period - Shot Blocked by Nick Suzuki.
17:15 of 2nd period - Slapshot by Anton Cederholm.
17:15 of 2nd period - Shot Blocked by Tomas Jurco.
17:39 of 2nd period - Slapshot by Reece Willcox.
17:39 of 2nd period - Shot Blocked by Dylan Blujus.
17:41 of 2nd period - Slapshot by Tucker Poolman.
17:41 of 2nd period - Stopped by Ilya Samsonov with a rebound.
17:43 of 2nd period - Slapshot by Reece Willcox.
17:43 of 2nd period - Stopped by Ilya Samsonov with a rebound.
17:45 of 2nd period - Wrist shot by Joakim Nygard.
17:45 of 2nd period - Stopped by Ilya Samsonov with a rebound.
18:39 of 2nd period - Wrist shot by Joel Eriksson Ek.
18:39 of 2nd period - Stopped by Connor Knapp without a rebound.
18:40 of 2nd period - Mathew Barzal wins face-off versus Daniel O'regan in Little Stars zone.
19:11 of 2nd period - Wrist shot by Ilya Mikheyev.
19:11 of 2nd period - Stopped by Ilya Samsonov without a rebound.
19:12 of 2nd period - Darroll Powe wins face-off versus Henrik Borgstrom in Reign zone.
19:29 of 2nd period - Minor Penalty to Frederic Allard for Holding.
19:30 of 2nd period - Mathew Barzal wins face-off versus Daniel O'regan in Little Stars zone.
19:32 of 2nd period - Snap shot by Mathew Barzal.
19:32 of 2nd period - Goal by Mathew Barzal - Reign : 5 - Little Stars : 2.
19:33 of 2nd period - Daniel O'regan wins face-off versus Jason Robertson in neutral zone.
19:41 of 2nd period - Slapshot by Jordan LaVallee.
19:41 of 2nd period - Stopped by Ilya Samsonov with a rebound.
19:43 of 2nd period - Wrist shot by Jordan LaVallee.
19:43 of 2nd period - Deflect By Ilya Mikheyev.
19:43 of 2nd period - Shot Blocked by Robert Thomas.
19:43 of 2nd period - Puck is out of play.
19:44 of 2nd period - Jordan LaVallee wins face-off versus Tomas Jurco in Reign zone.
Goals for this period are 4 for Reign vs 2 for Little Stars.
Shots for this period are 12 for Reign vs 21 for Little Stars.
3rd period
0:01 of 3rd period - Mathew Barzal wins face-off versus Daniel O'regan in neutral zone.
0:35 of 3rd period - Morgan Rielly is hit by Matt Luff and loses puck.
1:36 of 3rd period - Jakob Chychrun is hit by Anton Cederholm and loses puck.
2:33 of 3rd period - Joel Eriksson Ek is hit by Tucker Poolman and loses puck.
2:54 of 3rd period - Wrist shot by Mathew Barzal.
2:54 of 3rd period - Shot Misses the Net.
3:20 of 3rd period - Wrist shot by Joakim Nygard.
3:20 of 3rd period - Shot Misses the Net.
3:30 of 3rd period - Icing by Reece Willcox.
3:31 of 3rd period - Mathew Barzal wins face-off versus Jason Dickinson in Little Stars zone.
3:32 of 3rd period - Slapshot by Jakob Chychrun.
3:32 of 3rd period - Stopped by Connor Knapp with a rebound.
3:34 of 3rd period - Wrist shot by J.T. Brown.
3:34 of 3rd period - Shot Misses the Net.
4:12 of 3rd period - Icing by Ilya Mikheyev.
4:13 of 3rd period - Darroll Powe wins face-off versus Daniel O'regan in Little Stars zone.
4:29 of 3rd period - Icing by Christian Dvorak.
4:30 of 3rd period - Henrik Borgstrom wins face-off versus Mathew Barzal in Reign zone.
6:02 of 3rd period - Snap shot by J.T. Brown.
6:02 of 3rd period - Stopped by Connor Knapp with a rebound.
6:04 of 3rd period - Snap shot by Christian Dvorak.
6:04 of 3rd period - Goal by Christian Dvorak - Reign : 6 - Little Stars : 2.
6:05 of 3rd period - Daniel O'regan wins face-off versus Nick Suzuki in neutral zone.
6:24 of 3rd period - Minor Penalty to Jordan LaVallee for Goalie Interference.
6:25 of 3rd period - Daniel O'regan wins face-off versus Mathew Barzal in Little Stars zone.
6:34 of 3rd period - Henrik Borgstrom is hit by Jason Robertson and loses puck.
7:03 of 3rd period - Wrist shot by Christian Dvorak.
7:03 of 3rd period - Shot Hit the Post.
8:24 of 3rd period - Penalty to Jordan LaVallee is over, Jordan LaVallee is back on ice.
9:16 of 3rd period - Jakob Chychrun is hit by Henrik Borgstrom and loses puck.
9:31 of 3rd period - Joel Eriksson Ek is hit by Ville Pokka and loses puck.
9:44 of 3rd period - Wrist shot by Joel Eriksson Ek.
9:44 of 3rd period - Stopped by Connor Knapp without a rebound.
9:45 of 3rd period - Jason Dickinson wins face-off versus Darroll Powe in Little Stars zone.
11:01 of 3rd period - Christian Dvorak is hit by Frederic Allard and loses puck.
11:20 of 3rd period - Icing by Roman Horak.
11:21 of 3rd period - Roman Horak wins face-off versus Darroll Powe in Little Stars zone.
11:54 of 3rd period - Snap shot by Mathew Barzal.
11:54 of 3rd period - Stopped by Connor Knapp without a rebound.
11:55 of 3rd period - Nick Suzuki wins face-off versus Daniel O'regan in Little Stars zone.
12:00 of 3rd period - Snap shot by Roope Hintz.
12:00 of 3rd period - Stopped by Connor Knapp with a rebound.
12:06 of 3rd period - Jordan LaVallee is hit by Tomas Jurco and loses puck.
12:48 of 3rd period - Wrist shot by J.T. Brown.
12:48 of 3rd period - Stopped by Connor Knapp without a rebound.
12:49 of 3rd period - Nick Suzuki wins face-off versus Daniel O'regan in Little Stars zone.
13:14 of 3rd period - Snap shot by Thomas Chabot.
13:14 of 3rd period - Shot Blocked by Eric Knodel.
13:16 of 3rd period - Wrist shot by Jason Robertson.
13:16 of 3rd period - Stopped by Connor Knapp with a rebound.
13:18 of 3rd period - Wrist shot by Darroll Powe.
13:18 of 3rd period - Shot Blocked by Anton Cederholm.
13:20 of 3rd period - Snap shot by Robert Thomas.
13:20 of 3rd period - Shot Misses the Net.
13:22 of 3rd period - Snap shot by Nicolas Hague.
13:22 of 3rd period - Deflect By Jason Robertson.
13:22 of 3rd period - Stopped by Connor Knapp with a rebound.
13:24 of 3rd period - Wrist shot by Darroll Powe.
13:24 of 3rd period - Deflect By Robert Thomas.
13:24 of 3rd period - Stopped by Connor Knapp without a rebound.
13:25 of 3rd period - Jordan LaVallee wins face-off versus J.T. Brown in Little Stars zone.
13:25 of 3rd period - Jordan LaVallee is hit by Mathew Barzal.
13:28 of 3rd period - Icing by Tucker Poolman.
13:29 of 3rd period - Mathew Barzal wins face-off versus Ilya Mikheyev in Little Stars zone.
14:16 of 3rd period - Wrist shot by Mathew Barzal.
14:16 of 3rd period - Stopped by Connor Knapp with a rebound.
14:27 of 3rd period - Icing by Jordan LaVallee.
14:28 of 3rd period - Daniel O'regan wins face-off versus Darroll Powe in Little Stars zone.
14:28 of 3rd period - Daniel O'regan is hit by Jason Robertson.
14:47 of 3rd period - Slapshot by Jordan LaVallee.
14:47 of 3rd period - Stopped by Ilya Samsonov with a rebound.
15:05 of 3rd period - Backhand shot by Ilya Mikheyev.
15:05 of 3rd period - Stopped by Ilya Samsonov without a rebound.
15:06 of 3rd period - Nick Suzuki wins face-off versus Henrik Borgstrom in Reign zone.
15:06 of 3rd period - Nick Suzuki is hit by Alex Belzile.
15:15 of 3rd period - Minor Penalty to Eric Knodel for Holding.
15:16 of 3rd period - Henrik Borgstrom wins face-off versus Mathew Barzal in Little Stars zone.
15:38 of 3rd period - Minor Penalty to Nick Suzuki for Roughing.
15:39 of 3rd period - Darroll Powe wins face-off versus Daniel O'regan in Reign zone.
16:15 of 3rd period - Snap shot by Henrik Borgstrom.
16:15 of 3rd period - Shot Misses the Net.
17:15 of 3rd period - Penalty to Eric Knodel is over, Eric Knodel is back on ice.
17:38 of 3rd period - Penalty to Nick Suzuki is over, Nick Suzuki is back on ice.
18:03 of 3rd period - Eric Knodel is hit by Michael Anderson and loses puck.
19:20 of 3rd period - Snap shot by Nick Suzuki.
19:20 of 3rd period - Shot Misses the Net.
Goals for this period are 1 for Reign vs 0 for Little Stars.
Shots for this period are 11 for Reign vs 2 for Little Stars.